[Event "Team 45 45 League T44"]
[Site "Internet Chess Club"]
[Date "2010.02.26"]
[Round "4"]
[White "lnielsen"]
[Black "Beddathanme"]
[Result "1/2-1/2"]
[WhiteElo "1789"]
[BlackElo "1850"]
[Opening "Sicilian: accelerated fianchetto, modern variation"]
[ECO "B34"]
[Time "13:59:06"]
[TimeControl "2700+45"]

1. Nf3 c5 2. e4 g6 3. d4 cxd4 4. Nxd4 Nc6 5. Nc3 Bg7 6. Be3 Nf6 7. f3 O-O 8. Bc4
Qb6 9. Bb3 Nxe4 10. Nd5 Qa5+ 11. c3 Bxd4 12. Bxd4 Nc5 13. Bc2 Nd3+ 14. Bxd3 Qxd5
15. Be4 Qb5 16. Bxc6 dxc6 17. Qe2 Qxe2+ 18. Kxe2 b6 19. Rhe1 c5 20. Be3 Be6 21.
a3 Rfd8 22. Rad1 Bb3 23. Rxd8+ Rxd8 24. Kf2 e6 25. Re2 Kf8 26. Rd2 Rxd2+ 27.
Bxd2 Ke7 28. Ke3 Kd6 29. Ke4 f5+ 30. Kd3 c4+ 31. Kd4 e5+ 32. Ke3 Kc5 33. h4 Kb5
34. g4 Ka4 35. gxf5 gxf5 36. f4 e4 37. Bc1 Bd1 38. Kd2 Bf3 39. Kc2 Kb5 40. Be3
Ka4 41. Bc1 a5 42. Be3 b5 43. Bc5 Be2 44. Bd6 Bd3+ 45. Kd2 Kb3 46. Kc1 e3 47.
Bc5 e2 48. Bf2 b4 49. axb4 axb4 50. Be1 bxc3 51. Bxc3 Ka4 52. Kd2 Kb5 53. Ke3
Kc5 54. Bd4+ Kd5 55. Bc3 Ke6 56. Kf2 Kf7 57. Kg3 Kg6 58. Be1 Kh5 59. Bc3 Kg6 60.
Kf2 Kf7 61. Ke3 Ke6 62. Kd4 h6 63. Ke3 Kd5 64. Kf3 Kc6 65. Kf2 Kb5 66. Bg7 h5
67. Ke1 Kb4 68. Kd2 Kb3 69. Bc3 Ka2 70. Bh8 Kb1 71. Bg7 Ka2 72. Bh8 Kb3 73. Bc3
Ka4 74. Ke3 Kb5 75. Kd4 Ka4 76. Ke3 Kb3 77. Kd2 {Game drawn by repetition}
1/2-1/2

[Event "Team 45 45 League T44"]
[Site "Internet Chess Club"]
[Date "2010.02.28"]
[Round "4"]
[White "room-matt"]
[Black "AntonioMendonca"]
[Result "1/2-1/2"]
[WhiteElo "1710"]
[BlackElo "1725"]
[Opening "Nimzo-Indian: 4.e3 c5"]
[ECO "E41"]
[Time "05:10:38"]
[TimeControl "2700+45"]

1. d4 e6 2. c4 Nf6 3. Nc3 Bb4 4. e3 c5 5. Nf3 Bxc3+ 6. bxc3 d6 7. dxc5 dxc5 8.
Qxd8+ Kxd8 9. Ne5 Ke7 10. Ba3 b6 11. Be2 Bb7 12. O-O Nc6 13. Nd3 Rhd8 14. Rfd1
Ne4 15. Rac1 Na5 16. f3 Nxc4 17. Nxc5 Rxd1+ 18. Rxd1 Nxa3 19. Nxe4 Bxe4 20. fxe4
Rc8 21. Rc1 Nc4 22. Kf2 e5 23. g3 Nd2 24. Bd3 Rd8 25. Ke2 Nf3 26. h4 Nh2 27. Rh1
Ng4 28. Rf1 h5 29. Bc4 f6 30. Bd5 Nh6 31. Rb1 Rc8 32. c4 Nf7 33. Rb4 {Game drawn
by mutual agreement} 1/2-1/2

[Event "Team 45 45 League T44"]
[Site "Internet Chess Club"]
[Date "2010.03.01"]
[Round "4"]
[White "DaMaGor"]
[Black "adh2050"]
[Result "0-1"]
[WhiteElo "1997"]
[BlackElo "2011"]
[Opening "English: symmetrical variation"]
[ECO "A30"]
[Time "13:30:42"]
[TimeControl "2700+45"]

1. c4 c5 2. Nf3 Nc6 3. Nc3 g6 4. d4 cxd4 5. Nxd4 Bg7 6. Nc2 Nf6 7. e4 d6 8. Be2
O-O 9. O-O Be6 10. Be3 a5 11. f3 a4 12. Na3 Qa5 13. c5 dxc5 14. Bb5 Rfd8 15.
Qxa4 Qb6 16. Qc2 Nd4 17. Qf2 Nd7 18. Rac1 Rxa3 19. Bxd7 Ra5 20. Na4 Qa7 21. Nxc5
Rxc5 22. Bxd4 Bxd4 23. Qxd4 b6 {White resigns} 0-1

[Event "Team 45 45 League T44"]
[Site "Internet Chess Club"]
[Date "2010.02.28"]
[Round "4"]
[White "Matusalen"]
[Black "inafewminutes"]
[Result "1-0"]
[WhiteElo "2034"]
[BlackElo "1949"]
[Opening "Réti: King's Indian attack (Barcza system)"]
[ECO "A07"]
[Time "08:14:02"]
[TimeControl "2700+45"]

1. Nf3 d5 2. g3 Nf6 3. Bg2 Bg4 4. O-O e6 5. d3 c5 6. Nbd2 Nc6 7. h3 Bxf3 8. Bxf3
Be7 9. e4 d4 10. a4 h5 11. Nc4 a6 12. a5 Qc7 13. Bf4 e5 14. Bd2 h4 15. g4 Ng8
16. Bg2 g5 17. Nb6 Rb8 18. b3 Nd8 19. Qc1 f6 20. Qa3 {Black forfeits on time}
1-0

[Event "Team 45 45 League T44"]
[Site "Internet Chess Club"]
[Date "2010.02.24"]
[Round "4"]
[White "Chris2p2"]
[Black "Chatica"]
[Result "1/2-1/2"]
[WhiteElo "1794"]
[BlackElo "1953"]
[Opening "Pirc: classical (two knights) system"]
[ECO "B08"]
[Time "21:00:07"]
[TimeControl "2700+45"]

1. e4 d6 2. d4 Nf6 3. Nc3 g6 4. Nf3 Bg7 5. Be3 O-O 6. Qd2 e5 7. Bh6 Nc6 8. O-O-O
Bg4 9. d5 Bxf3 10. gxf3 Nd4 11. Bxg7 Kxg7 12. f4 Nh5 13. fxe5 dxe5 14. Ne2 Nxe2+
15. Bxe2 Nf4 16. h4 h5 17. Rdg1 Qe7 18. Kb1 b5 19. Bxb5 a6 20. Bc6 Rab8 21. b3
Rb6 22. Rg5 f6 23. Rg3 Rfb8 24. Qe3 Kh7 25. Rd1 Qa3 26. Ka1 a5 27. Rgg1 Qb4
{Game drawn by mutual agreement} 1/2-1/2

[Event "Team 45 45 League T44"]
[Site "Internet Chess Club"]
[Date "2010.02.28"]
[Round "4"]
[White "MisticKnights"]
[Black "whiskeytown"]
[Result "1-0"]
[WhiteElo "1940"]
[BlackElo "1387"]
[Opening "English: four knights, kingside fianchetto"]
[ECO "A29"]
[Time "14:02:26"]
[TimeControl "2700+45"]

1. c4 Nf6 2. Nc3 e5 3. Nf3 Nc6 4. g3 Bb4 5. Bg2 O-O 6. O-O e4 7. Ng5 Bxc3 8.
bxc3 Re8 9. Qc2 d5 10. cxd5 Qxd5 11. d3 exd3 12. Bxd5 dxc2 13. Bxf7+ Kh8 14.
Bxe8 Nxe8 15. Bf4 Bf5 16. e4 Bg6 17. f3 h6 18. Ne6 Bf7 19. Nxc7 Nxc7 20. Bxc7 g5
21. Rf2 Rc8 22. Bd6 Rd8 23. e5 Bg6 24. f4 Kg8 25. f5 Nxe5 26. Bxe5 Rd1+ 27. Rf1
Rxa1 28. Rxa1 Bxf5 29. Kf2 Kf7 30. Ke3 Ke6 31. Kd4 Bg6 32. g4 Bh7 33. Bg7 h5 34.
gxh5 Kf5 35. Rc1 Kf4 36. c4 Kf3 37. Kc3 Kg4 38. h6 Kf4 39. Rxc2 Bxc2 40. Kxc2
{Black resigns} 1-0

[Event "Team 45 45 League T44"]
[Site "Internet Chess Club"]
[Date "2010.02.25"]
[Round "4"]
[White "TerryMalloy"]
[Black "matein7"]
[Result "1-0"]
[WhiteElo "2055"]
[BlackElo "1789"]
[Opening "Budapest: Rubinstein variation"]
[ECO "A52"]
[Time "13:46:06"]
[TimeControl "2700+45"]

1. d4 Nf6 2. c4 e5 3. dxe5 Ng4 4. Bf4 Nc6 5. Nf3 Bc5 6. e3 Qe7 7. Nc3 Ngxe5 8.
Nxe5 Nxe5 9. Nd5 Bb4+ 10. Ke2 Qd6 11. Bxe5 Qxe5 12. Nxb4 Qxb2+ 13. Nc2 d6 14. f3
Bf5 15. e4 Be6 16. Kf2 O-O 17. Bd3 Qc3 18. Ne3 c6 19. Qc2 Qe5 20. Rab1 b6 21.
Rhf1 Qxh2 22. Rh1 Qe5 23. Qb2 Qc5 24. Qb4 Qd4 25. Rbd1 Rad8 26. Bc2 Qe5 27. g3
d5 28. f4 Qc7 29. exd5 cxd5 30. Bxh7+ Kh8 31. cxd5 {Black resigns} 1-0

[Event "Team 45 45 League T44"]
[Site "Internet Chess Club"]
[Date "2010.02.28"]
[Round "4"]
[White "ChessyNessy"]
[Black "alexdb"]
[Result "1/2-1/2"]
[WhiteElo "1956"]
[BlackElo "1980"]
[Opening "Ponziani opening"]
[ECO "C44"]
[Time "13:21:05"]
[TimeControl "2700+45"]

1. e4 e5 2. Nf3 Nc6 3. c3 d5 4. Bb5 dxe4 5. Nxe5 Qg5 6. Qa4 Qxg2 7. Bxc6+ bxc6
8. Qxc6+ Kd8 9. Rf1 Bh3 10. Qxa8+ Ke7 11. Kd1 Qxf1+ 12. Kc2 Bf5 13. Nc6+ Kd6 14.
Nd4 Qd3+ 15. Kb3 Be6+ 16. Nxe6 Qb5+ 17. Ka3 Qa5+ 18. Kb3 Qb5+ 19. Kc2 Qd3+ 20.
Kd1 Qf1+ 21. Kc2 Qd3+ 22. Kb3 Qb5+ {Game drawn by repetition} 1/2-1/2

[Event "Team 45 45 League T44"]
[Site "Internet Chess Club"]
[Date "2010.02.24"]
[Round "4"]
[White "talfischerman"]
[Black "pelayo"]
[Result "1-0"]
[WhiteElo "1615"]
[BlackElo "1701"]
[Opening "Ruy Lopez: closed, anti-Marshall 8.a4"]
[ECO "C88"]
[Time "14:00:19"]
[TimeControl "2700+45"]

1. e4 e5 2. Nf3 Nc6 3. Bb5 a6 4. Ba4 Nf6 5. O-O b5 6. Bb3 Be7 7. Re1 O-O 8. a4
Bb7 9. d3 d6 10. Nbd2 Nd4 11. Nxd4 exd4 12. c3 dxc3 13. bxc3 c5 14. Bb2 Re8 15.
c4 b4 16. Nf1 a5 17. Ng3 Qd7 18. d4 Bf8 19. d5 Ng4 20. Nf5 g6 21. Qxg4 h5 22.
Qg5 Kh7 23. Ng3 Bh6 24. Qf6 Bc8 25. e5 Bg7 26. Qxg7+ Kxg7 27. e6+ f6 28. exd7
Rxe1+ 29. Rxe1 {Black resigns} 1-0

[Event "Team 45 45 League T44"]
[Site "Internet Chess Club"]
[Date "2010.02.27"]
[Round "4"]
[White "quotha"]
[Black "KnightofMercy"]
[Result "0-1"]
[WhiteElo "1602"]
[BlackElo "1678"]
[Opening "Queen's pawn game"]
[ECO "D02"]
[Time "10:00:21"]
[TimeControl "2700+45"]

1. Nf3 d5 2. d4 f5 3. Bf4 Nf6 4. e3 e6 5. h3 Bd6 6. Ne5 O-O 7. Be2 Nbd7 8. c4
Nxe5 9. dxe5 Bb4+ 10. Kf1 Ne4 11. f3 g5 12. Bh2 Bc5 13. fxe4 fxe4+ 14. Ke1 Bxe3
15. Rf1 d4 16. Bg3 d3 17. Rxf8+ Qxf8 18. Bg4 Qb4+ 19. Nd2 Bf4 20. Bxf4 gxf4 21.
Qb3 Qc5 22. Kf1 e3 23. Qxd3 exd2 24. Qd8+ Qf8 25. Qxf8+ Kxf8 26. Rd1 Bd7 27.
Rxd2 Ke7 28. Kf2 Rf8 29. b4 b6 30. c5 bxc5 31. bxc5 h5 32. Bf3 Rf5 33. c6 Be8
34. Re2 Kf8 35. Ke1 Ke7 36. Kd2 h4 37. Kc3 Bg6 38. Kb4 Rg5 39. Ka5 Bd3 40. Re1
a6 41. Kb4 Rg8 42. Rd1 Rd8 43. Kc3 Bb5 44. Rxd8 Kxd8 45. Be4 Ke7 46. Kd2 Bc4 47.
a4 a5 48. Kc3 Bd5 49. Bf3 Kf7 50. Kd4 Bb3 51. Ke4 Bxa4 52. Kxf4 Bb3 53. Ke3 a4
54. Kd3 a3 55. Kc3 a2 56. Kb2 Kg6 {White resigns} 0-1

[Event "Team 45 45 League T44"]
[Site "Internet Chess Club"]
[Date "2010.02.28"]
[Round "4"]
[White "Wheels"]
[Black "frank001"]
[Result "1-0"]
[WhiteElo "1984"]
[BlackElo "1827"]
[Opening "Alekhine's defense: exchange variation"]
[ECO "B02"]
[Time "20:00:38"]
[TimeControl "2700+45"]

1. e4 Nf6 2. e5 Nd5 3. c4 Nb6 4. d4 d6 5. exd6 exd6 6. Nc3 Be7 7. Bd3 Nc6 8. Nf3
Bg4 9. Be3 O-O 10. O-O Re8 11. h3 Bh5 12. b3 d5 13. c5 Nc8 14. Re1 a6 15. Rb1
Bf6 16. Bxh7+ Kxh7 17. Ng5+ Bxg5 18. Qxh5+ Bh6 19. Bxh6 Rxe1+ 20. Rxe1 g6 21.
Qg5 f6 22. Qh4 Kg8 23. Nxd5 Kf7 24. Qe4 {Black resigns} 1-0

[Event "Team 45 45 League T44"]
[Site "Internet Chess Club"]
[Date "2010.02.25"]
[Round "4"]
[White "eSeM"]
[Black "Philly-Boy"]
[Result "1-0"]
[WhiteElo "1936"]
[BlackElo "1859"]
[Opening "Scandinavian defense"]
[ECO "B01"]
[Time "21:42:48"]
[TimeControl "2700+45"]

1. e4 d5 2. exd5 Nf6 3. d4 Bg4 4. Nf3 Qxd5 5. Nc3 Qf5 6. Bd3 Bxf3 7. Bxf5 Bxd1
8. Nxd1 e6 9. Bd3 Nbd7 10. Nc3 O-O-O 11. Be3 e5 12. Bf5 exd4 13. Bxd4 Kb8 14.
O-O-O Bc5 15. Rhe1 Rde8 16. Rxe8+ Rxe8 17. Bxd7 Nxd7 18. Bxg7 Nb6 19. Bd4 Bd6
20. g3 Kc8 21. Nb5 Nc4 22. b3 Ba3+ 23. Kb1 a6 24. bxc4 axb5 25. cxb5 Re2 26. c4
c5 27. bxc6 bxc6 28. Rd3 Re1+ 29. Kc2 Rc1+ 30. Kb3 Be7 31. Rf3 Rb1+ 32. Kc2 Re1
33. Rxf7 h5 34. Rh7 Re4 35. Kd3 {Black forfeits on time} 1-0

[Event "Team 45 45 League T44"]
[Site "Internet Chess Club"]
[Date "2010.03.01"]
[Round "4"]
[White "Fuzzie"]
[Black "andrew28"]
[Result "1-0"]
[WhiteElo "1756"]
[BlackElo "1664"]
[Opening "Sicilian: closed"]
[ECO "B24"]
[Time "14:00:24"]
[TimeControl "2700+45"]

1. e4 c5 2. Nc3 Nc6 3. g3 g6 4. Bg2 Bg7 5. d3 e6 6. Be3 b6 7. Qd2 Bb7 8. Nge2 h6
9. O-O Nf6 10. h3 Ne7 11. f4 d5 12. e5 Nh7 13. Bf2 a6 14. d4 Qc7 15. dxc5 bxc5
16. Na4 c4 17. Nd4 O-O 18. g4 Nc6 19. b4 Nxd4 20. Bxd4 Bc6 21. Nc5 Bb5 22. a4 c3
23. Qxc3 Bxf1 24. Bxf1 Rfc8 25. Qe3 Bf8 26. c3 Qc6 27. h4 Bxc5 28. Bxc5 Nf8 29.
Bd3 Nd7 30. Bd4 Nf8 31. Kf2 Qc7 32. f5 Kh7 33. f6 Nd7 34. h5 Nxf6 35. hxg6+ fxg6
36. exf6 Qh2+ 37. Ke1 e5 38. Bxe5 Qh4+ 39. Kd2 d4 40. Qxd4 Rd8 41. Qf4 Rd5 42.
Bd4 Rc8 43. Re1 Qh3 44. Re7+ Kg8 45. Bc4 Qg2+ 46. Kc1 Rd8 47. Qxh6 {Black
resigns} 1-0

[Event "Team 45 45 League T44"]
[Site "Internet Chess Club"]
[Date "2010.02.28"]
[Round "4"]
[White "Orichas"]
[Black "SquAREA51"]
[Result "1-0"]
[WhiteElo "1614"]
[BlackElo "1547"]
[Opening "Grob's attack"]
[ECO "A00"]
[Time "14:13:40"]
[TimeControl "2700+45"]

1. g4 d5 2. Bg2 e5 3. c4 c6 4. cxd5 cxd5 5. Qb3 Nf6 6. h3 h6 7. d3 Nc6 8. Bd2
Nd4 9. Qd1 Qb6 10. Bc3 Bb4 11. Nd2 O-O 12. e3 Nc6 13. Ne2 Be6 14. a3 Bxc3 15.
bxc3 Rac8 16. O-O Rfd8 17. Rb1 Qa6 18. d4 exd4 19. Nxd4 Nxd4 20. cxd4 Rc3 21. a4
Rdc8 22. Bf3 b6 23. Be2 Qa5 24. Bb5 Bd7 25. Nb3 Qb4 26. Nc5 Qxb1 27. Qxb1 bxc5
28. Bxd7 Nxd7 29. Qb7 Nb6 30. a5 cxd4 31. axb6 {Black resigns} 1-0